 Dungeon Crawl Stone Soup version 0.30-a0-779-g7971cf19c3 (webtiles) character file.

Game seed: 6516775582195172504

96 porpoise the Sneak (level 4, -9/32 HPs)
             Began as a Gnoll Enchanter on Feb 18, 2023.
             Mangled by an ogre
             ... wielding a +0 giant club
              (23 damage)
             ... on level 4 of the Dungeon.
             The game lasted 00:08:37 (1933 turns).

porpoise the Sneak (Gnoll Enchanter)                Turns: 1933, Time: 00:08:38

Health: -9/32      AC:  3    Str:  7    XL:     4   Next: 67%
Magic:  4/11       EV: 13    Int: 16    God:
Gold:   201        SH:  0    Dex: 13    Spells: 5/13 levels left

rFire   . . .      SeeInvis .    a - +1 dagger
rCold   . . .      Faith    .    (no shield)
rNeg    . . .      Spirit   .    b - +0 robe
rPois   .          Reflect  .    (no helmet)
rElec   .          Harm     .    (no cloak)
rCorr   .          Rampage  .    (no gloves)
Will    .....                    s - +0 pair of boots
Stlth   +++                      (no amulet)
HPRegen 0.25/turn                (no ring)
MPRegen 0.12/turn                (no ring)

@: no status effects
A: fangs 1, strong nose, distributed training
a: no special abilities


You were on level 4 of the Dungeon.
You visited 1 branch of the dungeon, and saw 4 of its levels.

You collected 201 gold pieces.

Inventory:

Hand Weapons
 a - a +1 dagger (weapon)
Missiles
 e - 3 boomerangs
 j - 8 poisoned darts (quivered)
 k - 5 atropa-tipped darts
Armour
 b - a +0 robe (worn)
 s - a +0 pair of boots (worn)
Jewellery
 n - an amulet of faith
Scrolls
 h - a scroll of enchant weapon {unknown}
 l - a scroll of fog {unknown}
 m - a scroll of enchant armour {unknown}
 o - 2 scrolls of identify
 q - a scroll of noise {unknown}
 r - a scroll of magic mapping {unknown}
 u - a scroll of vulnerability {unknown}
Potions
 c - 4 potions of invisibility
 d - a potion of attraction
 g - 3 potions of mutation
 i - a potion of haste {unknown}
 p - a potion of heal wounds
 t - 2 potions of curing


   Skills:
 + Level 1.2 Fighting
 + Level 2.8 Short Blades
 + Level 1.2 Long Blades
 + Level 1.2 Axes
 + Level 1.2 Maces & Flails
 + Level 1.2 Polearms
 + Level 1.2 Staves
 + Level 1.2 Ranged Weapons
 + Level 1.2 Throwing
 + Level 1.2 Armour
 + Level 4.7 Dodging
 + Level 6.1 Stealth
 + Level 1.2 Shields
 + Level 1.2 Unarmed Combat
 + Level 5.1 Spellcasting
 + Level 1.0 Conjurations
 + Level 5.5 Hexes
 + Level 1.0 Summonings
 + Level 1.0 Necromancy
 + Level 1.0 Translocations
 + Level 1.0 Transmutations
 + Level 1.0 Fire Magic
 + Level 1.0 Ice Magic
 + Level 1.0 Air Magic
 + Level 1.0 Earth Magic
 + Level 1.0 Poison Magic
 + Level 1.4 Invocations
 + Level 1.2 Evocations


You had 5 spell levels left.
You knew the following spells:

 Your Spells              Type           Power      Damage    Failure   Level
a - Confusing Touch       Hex            21%        N/A       4%          3
d - Tukima's Dance        Hex            21%        N/A       4%          3
e - Ensorcelled Hibernat  Hex/Ice        28%        N/A       6%          2

Your spell library contained the following spells:

 Spells                   Type           Power      Damage    Failure   Level
 Apportation              Tloc           14%        N/A       10%         1
 Magic Dart               Conj           28%        1d4       10%         1
 Necrotise                Necr           28%        1d5       10%         1
 Summon Small Mammal      Summ           28%        N/A       10%         1
 Dazzling Flash           Conj/Hex       28%        N/A       12%         3
 Call Imp                 Summ           7%         N/A       14%         2
 Cigotuvi's Dreadful Rot  Necr/Pois/Air  14%        N/A       14%         2
 Poisonous Vapours        Pois/Air       14%        N/A       14%         2
 Mephitic Cloud           Conj/Pois/Air  7%         N/A       28%         3


Dungeon Overview and Level Annotations

Branches:
Dungeon (4/15)
 Temple: D:4-7

Altars:
Ru


Innate Abilities, Weirdness & Mutations

You have very sharp teeth.
Your uncanny sense of smell can sniff out nearby items.
Your experience applies equally to all skills.


Message History

Aim: a hobgoblin (moderately wounded, strong, 56% to hit)
You throw a poisoned dart.
The poisoned dart closely misses the hobgoblin.
The poisoned dart hits the adder.
The adder looks as sick as possible!
The adder is lightly wounded.
The hobgoblin hits you.
Throw: 9 darts (poison)
Press: ? - help, Q - select action, (/) - cycle Shift-Dir - straight line, f/p - hobgoblin
Aim: a hobgoblin (moderately wounded, strong, 56% to hit)
You throw a poisoned dart. The poisoned dart hits the hobgoblin.
The hobgoblin is poisoned.
The hobgoblin is moderately wounded.
The hobgoblin hits you.
You hit the hobgoblin.
The hobgoblin is severely wounded.
You kill the hobgoblin!
You hit the adder.
You kill the adder!
Casting: Ensorcelled Hibernation (safe; 6% risk of failure)
Confirm with . or Enter, or press ? or * to list all spells.
Aiming: Ensorcelled Hibernation (safe; 6% risk of failure)
Press: ? - help, Shift-Dir - straight line, f - ogre
Aim: an ogre, wielding a +0 giant club (chance to affect: 48%)
The ogre looks drowsy...
Things that are here:
12 gold pieces; an adder corpse; a hobgoblin corpse The helpless ogre fails to defend itself.
You impale the ogre!!
The ogre is almost dead.
The ogre hits you with a +0 giant club!
Casting: Ensorcelled Hibernation (safe; 6% risk of failure)
Confirm with . or Enter, or press ? or * to list all spells.
Your hands begin to glow red.
The ogre barely misses you.
You hit the ogre but do no damage.
The ogre appears confused.
The ogre is almost dead.
You barely miss the ogre.
The ogre is almost dead.
The ogre hits you with a +0 giant club!!
Ouch! That really hurt!
You die...

#..# # #..# #... ..#####
##.# #... #.### ∆......
#.# #).. #.....###.#.####
#.####.#.
#...S........#####..(.....
#######S#...[...........#.
#.# ########.#####
#.###########.#
#.O@..........#
###############


You could see an ogre (confused).

Vanquished Creatures
  3 adders
  A worm (D:2)
  7 ball pythons
  4 bats
  4 endoplasms
  2 giant cockroaches
  6 goblins
  5 hobgoblins
  8 jackals
  5 kobolds
  4 quokkas
  4 frilled lizards
  4 rats
57 creatures vanquished.

Notes
Turn   | Place    | Note
-------+----------+-------------------------------------------
     0 | D:1      | porpoise the Gnoll Enchanter began the quest for the Orb.
     0 | D:1      | Reached XP level 1. HP: 13/13 MP: 6/6
   194 | D:1      | Reached XP level 2. HP: 19/19 MP: 7/7
   222 | D:1      | Learned a level 2 spell: Ensorcelled Hibernation
   609 | D:1      | Reached skill level 5 in Spellcasting
   609 | D:1      | Reached XP level 3. HP: 25/25 MP: 3/9
   666 | D:1      | Found a faded altar of an unknown god.
   736 | D:2      | Reached skill level 6 in Stealth
   832 | D:2      | Reached skill level 1 in Invocations
   869 | D:1      | Reached skill level 1 in Fighting
   869 | D:1      | Reached skill level 1 in Long Blades
   869 | D:1      | Reached skill level 1 in Axes
   869 | D:1      | Reached skill level 1 in Maces & Flails
   869 | D:1      | Reached skill level 1 in Polearms
   869 | D:1      | Reached skill level 1 in Staves
   869 | D:1      | Reached skill level 1 in Ranged Weapons
   869 | D:1      | Reached skill level 1 in Throwing
   869 | D:1      | Reached skill level 1 in Armour
   869 | D:1      | Reached skill level 1 in Shields
   869 | D:1      | Reached skill level 1 in Unarmed Combat
   869 | D:1      | Reached skill level 1 in Evocations
  1128 | D:2      | Reached XP level 4. HP: 32/32 MP: 8/11
  1176 | D:2      | Learned a level 3 spell: Confusing Touch
  1180 | D:2      | Learned a level 3 spell: Tukima's Dance
  1489 | D:3      | Found a sacrificial altar of Ru.
  1670 | D:3      | Reached skill level 1 in Conjurations
  1670 | D:3      | Reached skill level 1 in Summonings
  1670 | D:3      | Reached skill level 1 in Necromancy
  1670 | D:3      | Reached skill level 1 in Translocations
  1670 | D:3      | Reached skill level 1 in Transmutations
  1670 | D:3      | Reached skill level 1 in Fire Magic
  1670 | D:3      | Reached skill level 1 in Ice Magic
  1670 | D:3      | Reached skill level 1 in Air Magic
  1670 | D:3      | Reached skill level 1 in Earth Magic
  1670 | D:3      | Reached skill level 1 in Poison Magic
  1908 | D:4      | Noticed an ogre
  1933 | D:4      | Mangled by an ogre

Illustrated notes

Levels and vault maps discovered:
D:1:      tekkud_arrival_beachfront_property, layout_rooms,
          shapermc_ecumenical_altar_mp_highgroup
D:2:      layout_rooms
D:3:      layout_rooms, amcnicky_altar_gilded
D:4:      layout_loops_ring, serial_park_tiny_1, hangedman_decor_growths

Skill      XL: |  1  2  3  4 |
---------------+-------------+-----
Spellcasting   | 5 |  5.1
Stealth        | 6 |  6.1
Invocations    | 1 |  1.4
Fighting       | 1 |  1.2
Long Blades    | 1 |  1.2
Axes           | 1 |  1.2
Maces & Flails | 1 |  1.2
Polearms       | 1 |  1.2
Staves         | 1 |  1.2
Ranged Weapons | 1 |  1.2
Throwing       | 1 |  1.2
Armour         | 1 |  1.2
Shields        | 1 |  1.2
Unarmed Combat | 1 |  1.2
Evocations     | 1 |  1.2
Conjurations   | 1 |  1.0
Summonings     | 1 |  1.0
Necromancy     | 1 |  1.0
Translocations | 1 |  1.0
Transmutations | 1 |  1.0
Fire Magic     | 1 |  1.0
Ice Magic      | 1 |  1.0
Air Magic      | 1 |  1.0
Earth Magic    | 1 |  1.0
Poison Magic   | 1 |  1.0
Short Blades   | |  2.8
Dodging        | |  4.7
Hexes          | |  5.5

Action                     |  1- 3 |  4- 6 || total
---------------------------+-------+-------++-------
  Melee: Dagger            |    95 |    51 ||   146
         Bite              |     5 |     2 ||     7
  Throw: Dart              |       |     5 ||     5
   Cast: Ensorcelled Hiber |    12 |    14 ||    26
         Confusing Touch   |       |     1 ||     1
    Use: Scroll            |       |     4 ||     4
         Potion            |       |     1 ||     1
   Stab: Sleeping          |    15 |    16 ||    31
 Armour: Robe              |    15 |     9 ||    24
  Dodge: Dodged            |    77 |    35 ||   112

Table legend: (Time is in decaauts)
 A = Elapsed time spent in this place.
 B = Non-inter-level travel time spent in this place.
 C = Inter-level travel time spent in this place.
 D = Time resting spent in this place.
 E = Time spent auto-exploring this place.
 F = Levels seen in this place.
 G = Mean time per level.
                   A        B        C        D        E       F      G
               +--------+--------+--------+--------+--------+-----+--------+
         Total |   1924 |   1863 |     61 |    410 |    815 |   4 |  481.0 |
       Dungeon |   1924 |   1863 |     61 |    410 |    815 |   4 |  481.0 |
               +--------+--------+--------+--------+--------+-----+--------+

Top non-repeatable levels by time:
     D:1: 827 daAuts
     D:2: 505 daAuts
     D:3: 499 daAuts
     D:4: 91 daAuts
